Selects Italian Combined Arms Battlegroup
Selects Bersaglieri Squad
Construct Light Support Kompanie
Selects Bersaglieri Bolster
Construct Mechanized Kompanie
Selects Breda Model 30 Light Machine Guns
Construct Panzerarmee Kommand
Selects Semovente da 75/18 Assault Gun
Selects Carro Armato M13/40 Light Tank
Flak 36 Anti-tank Gun Team
254 Reconnaissance Tractor
Walking Stuka Rocket Launcher
Semovente da 75/18 Assault Gun